 Dungeon Crawl Stone Soup version 0.26.0-10-g1f06aea511 (webtiles) character file.

Game seed: 17503596170162364598

54 Borgoz the Slasher (level 3, -3/29 HPs)
             Began as a Ghoul Gladiator on Jan 13, 2021.
             Slain by a worm (6 damage)
             ... on level 3 of the Dungeon.
             The game lasted 00:01:26 (1428 turns).

Borgoz the Slasher (Ghoul Gladiator)                Turns: 1428, Time: 00:01:26

Health: -3/29      AC:  4    Str: 18    XL:     3   Next: 91%
Magic:  2/2        EV: 12    Int:  3    God:
Gold:   62         SH:  0    Dex: 10    Spells: 2/2 levels left

rFire    . . .     SeeInvis .   a - +0 long sword
rCold    + . .     Faith    .   (no shield)
rNeg     + + +     Spirit   .   b - +0 leather armour
rPois    ∞         Reflect  .   c - +0 helmet
rElec    .         Harm     .   (no cloak)
rCorr    .         Rampage  .   (no gloves)
Will     .....                  (no boots)
Stlth    +.........             (no amulet)
HPRegen  0.00/turn              (no ring)
MPRegen  0.08/turn              (no ring)

@: no status effects
A: claws 1, cold resistance 1, negative energy resistance 3, inhibited
regeneration, torment resistance, unbreathing
a: no special abilities


You were on level 3 of the Dungeon.
You visited 1 branch of the dungeon, and saw 3 of its levels.

You collected 62 gold pieces.

Inventory:

Hand Weapons
 a - a +0 long sword (weapon)
Missiles
 d - 2 throwing nets (quivered)
Armour
 b - a +0 leather armour (worn)
 c - a +0 helmet (worn)
Scrolls
 e - 2 scrolls of enchant armour {unknown}
 f - 3 scrolls of random uselessness {unknown}
 g - a scroll of teleportation {unknown}
 k - a scroll of magic mapping {unknown}
 l - a scroll of identify {unknown}
Potions
 h - a potion of might {unknown}
 i - a potion of mutation {unknown}
 j - a potion of resistance {unknown}


   Skills:
 - Level 2.1 Fighting
 * Level 3.6 Long Blades
 - Level 1.7 Throwing
 + Level 1.2 Armour
 + Level 3.1 Dodging


You had 2 spell levels left.
You didn't know any spells.
Your spell library was empty.

Dungeon Overview and Level Annotations

Branches:
Dungeon (2/15)

Altars:


Innate Abilities, Weirdness & Mutations

You thrive by killing the living.
You are immune to poison.
You have sharp fingernails.
Your flesh is cold resistant. (rC+)
You are immune to negative energy. (rN+++)
You do not regenerate when monsters are visible.
You are immune to unholy pain and torment.
You can survive without breathing.


Message History

You fall into a shaft and drop 1 floor!
The shaft crumbles and collapses.
Found a fizzy inky potion and 11 gold pieces.
A worm comes into view.
The worm moves out of view.
Found a fizzy inky potion.
You start resting.
A worm is nearby!
Your leather armour prevents you from hitting the worm.
The worm bites you but does no damage.
You hit the worm.
The worm is lightly wounded.
You slash the worm!
The worm is heavily wounded.
The worm bites you!
* * * LOW HITPOINT WARNING * * *
You hit the worm.
The worm is heavily wounded.
The worm bites you.
You die...

# #. .# #. #. !#
#.###. .# ......
.# .... .# #
#..##.#.#
...##..!$...####
.......w@.......
##.###.##..#####
... #.# ###. .#
#. # .w #. #.


You could see a worm.

Vanquished Creatures
  An adder (D:2)
  A worm (D:2)
  A leopard gecko (D:1)
  7 bats (D:1)
  2 giant cockroaches (D:1)
  7 goblins
  4 hobgoblins (D:1)
  4 jackals (D:1)
  5 kobolds (D:1)
  4 frilled lizards (D:1)
  2 rats (D:1)
38 creatures vanquished.

Notes
Turn   | Place    | Note
-------+----------+-------------------------------------------
     0 | D:1      | Borgoz the Ghoul Gladiator began the quest for the Orb.
     0 | D:1      | Reached XP level 1. HP: 17/17 MP: 0/0
   168 | D:1      | Reached XP level 2. HP: 10/24 MP: 1/1
   184 | D:1      | HP: 1/24 [goblin (2)]
   809 | D:1      | Reached XP level 3. HP: 29/29 MP: 2/2
   846 | D:1      | Reached skill level 1 in Armour
  1415 | D:2      | You fall into a shaft and drop 1 floor!
  1428 | D:3      | Slain by a worm

Illustrated notes

Levels and vault maps discovered:
D:1:      minmay_arrival_semitransparent, layout_basic, minmay_octomino_c4
D:2:      layout_rooms, uniq_terence
D:3:      layout_loops_ring, old_standard_altar, uniq_ijyb

Skill      XL: |  1  2  3 |
---------------+----------+-----
Long Blades    | 3 |  3.6
Dodging        | 3 |  3.1
Armour         | 1 |  1.2
Fighting       | |  2.1
Throwing       | |  1.7

Action                   || total
-------------------------++-------
Melee: Long sword        ||   124
Throw: Throwing net      ||     2
Armor: Leather armour    ||    42
Dodge: Dodged            ||    92
       Rpst.: Long sword ||    36
